[Event "Team 45 45 League T80"]
[Site "Internet Chess Club"]
[Date "2019.03.29"]
[Round "1"]
[White "harlyman"]
[Black "Ajolote"]
[Result "1-0"]
[WhiteElo "1807"]
[BlackElo "1870"]
[Opening "Nimzo-Indian: Leningrad variation"]
[ECO "E30"]
[Time "14:04:42"]
[TimeControl "2700+45"]

1. d4 Nf6 2. c4 e6 3. Nc3 Bb4 4. Bg5 h6 5. Bh4 c5 6. Nf3 O-O 7. e3 d6 8. Be2
Nbd7 9. O-O g5 10. Bg3 Qe7 11. Qc2 Bxc3 12. Qxc3 b6 13. Qd3 e5 14. Nd2 Re8 15.
Rfe1 e4 16. Qc3 Nf8 17. Rad1 Be6 18. b4 Rec8 19. dxc5 dxc5 20. bxc5 Rxc5 21. Bd6
Qxd6 22. Qxf6 Qe5 23. Qxh6 Ra5 24. Nxe4 Qxe4 25. Bf3 Qf5 26. Bxa8 Rxa2 27. f4
Qg6 28. fxg5 Qxh6 29. gxh6 Kh7 30. Ra1 Bxc4 31. Rxa2 Bxa2 32. Ra1 Bc4 33. Rxa7
b5 34. e4 Kxh6 35. Bd5 Bd3 36. Rxf7 Ng6 37. Rb7 Kg5 38. Kf2 Kf4 39. g3+ Ke5 40.
Ke3 Bf1 41. h4 b4 42. Rxb4 Kf6 43. Kd4 Bh3 44. Rb6+ Kg7 45. h5 Nf8 46. e5 Bg4
47. h6+ Kh7 48. Be4+ Kg8 49. Rb8 Kf7 50. h7 Nxh7 51. Bxh7 Kg7 52. Be4 Kf7 53.
Rb6 Ke7 54. Rf6 Be6 55. Bf5 Bb3 56. g4 {Black resigns} 1-0

[Event "Team 45 45 League T80"]
[Site "Internet Chess Club"]
[Date "2019.03.30"]
[Round "1"]
[White "ivanson"]
[Black "joaoazm"]
[Result "0-1"]
[WhiteElo "1672"]
[BlackElo "1678"]
[Opening "Ruy Lopez: classical defense, Benelux variation"]
[ECO "C65"]
[Time "20:00:45"]
[TimeControl "2700+45"]

1. e4 e5 2. Nf3 Nc6 3. Bb5 Nf6 4. O-O Bc5 5. c3 O-O 6. d4 Bb6 7. Bg5 h6 8. Bh4
d6 9. Re1 exd4 10. Nxd4 Nxd4 11. cxd4 c6 12. Ba4 Bg4 13. Bxf6 Qxf6 14. Qxg4 Bxd4
15. Nc3 Qxf2+ 16. Kh1 Qxb2 17. Ne2 Qxa1 18. Rxa1 Bxa1 19. Bb3 Rae8 20. h4 Re7
21. Ng3 Rfe8 22. Nf5 Rxe4 23. Nxh6+ Kf8 24. Qf5 Rxh4+ 25. Kg1 Bd4+ {White
resigns} 0-1

[Event "Team 45 45 League T80"]
[Site "Internet Chess Club"]
[Date "2019.03.31"]
[Round "1"]
[White "warsaviensis"]
[Black "santiagoelawad"]
[Result "1/2-1/2"]
[WhiteElo "1851"]
[BlackElo "1958"]
[Opening "King's Indian, 3.Nf3"]
[ECO "E60"]
[Time "17:34:27"]
[TimeControl "2700+45"]

1. d4 Nf6 2. Nf3 g6 3. c4 Bg7 4. e3 O-O 5. Be2 c5 6. d5 b5 7. cxb5 a6 8. Nc3 d6
9. O-O Nbd7 10. Re1 axb5 11. Bxb5 Ba6 12. Bxa6 Rxa6 13. h3 Ne8 14. e4 Nc7 15.
Qc2 Qa8 16. a4 Rb8 17. Bd2 Rab6 18. Rab1 Qb7 19. Nd1 Na6 20. Bc3 Nb4 21. Qd2 f6
22. Ne3 Bh6 23. Qd1 Qa6 24. a5 Qxa5 25. Nc4 Qb5 26. Nxb6 Nxb6 {Game drawn by
mutual agreement} 1/2-1/2

[Event "Team 45 45 League T80"]
[Site "Internet Chess Club"]
[Date "2019.03.31"]
[Round "1"]
[White "Portola"]
[Black "bobhill"]
[Result "0-1"]
[WhiteElo "1774"]
[BlackElo "1879"]
[Opening "Queen's pawn game, Krause variation"]
[ECO "D02"]
[Time "15:01:03"]
[TimeControl "2700+45"]

1. d4 d5 2. Nf3 c5 3. e3 Nf6 4. c3 cxd4 5. exd4 e6 6. Bg5 Be7 7. Nbd2 h6 8. Bf4
O-O 9. Bd3 Nc6 10. O-O Bd6 11. Bg3 Bxg3 12. hxg3 Ng4 13. Qe2 f5 14. Ne5 Ngxe5
15. dxe5 Qc7 16. Nf3 a6 17. Rfe1 b5 18. a3 Bb7 19. Rac1 Qb6 20. Red1 Na5 21. Nd4
Rac8 22. Rb1 Rfe8 23. Qh5 Nc4 24. Qe2 Qc7 25. f4 Nb6 26. Nxe6 Rxe6 27. Bxf5 Re7
28. Bxc8 Bxc8 29. Re1 Bf5 30. Rbc1 Qc8 31. Qf2 Nc4 32. Rcd1 Be4 33. Rc1 Rc7 34.
Qe2 Rf7 35. Red1 Qc5+ 36. Rd4 a5 37. b4 axb4 38. axb4 Qb6 39. Ra1 Ra7 40. Rxa7
Qxa7 41. Kh2 Qa1 42. Rxe4 dxe4 43. Qxe4 Kh8 44. Qd4 Qa8 45. f5 Qe8 46. e6 Qh5+
47. Kg1 Qg5 48. g4 Kg8 49. Qd7 Qe3+ 50. Kh1 Qe1+ 51. Kh2 Qh4+ 52. Kg1 Ne5 53. e7
Qe1+ 54. Kh2 Nxg4+ 55. Kh3 Nf6 56. Qe6+ Qxe6 57. fxe6 Kh7 58. Kg3 Kg6 59. Kf4 h5
60. Ke5 Ne8 61. Kf4 Kf6 62. g3 g5+ 63. Kf3 Kxe7 64. Ke3 Kxe6 {White resigns} 0-1

[Event "Team 45 45 League T80"]
[Site "Internet Chess Club"]
[Date "2019.04.08"]
[Round "1"]
[White "Beetlejuice"]
[Black "QuieroAprender"]
[Result "1-0"]
[WhiteElo "1710"]
[BlackElo "1617"]
[Opening "King's Indian: Sämisch, 5...O-O"]
[ECO "E81"]
[Time "14:13:12"]
[TimeControl "2700+45"]

1. d4 Nf6 2. c4 g6 3. f3 Bg7 4. e4 d6 5. Nc3 O-O 6. Bg5 b6 7. Qd2 Nbd7 8. Nh3 c5
9. d5 Ne5 10. Nf2 a6 11. Be2 Rb8 12. h3 Nh5 13. O-O Ng3 14. Rfc1 f6 15. Be3 f5
16. a4 Nxe2+ 17. Nxe2 Nxc4 18. Rxc4 b5 19. axb5 axb5 20. Rcc1 {Black resigns}
1-0

[Event "Team 45 45 League T80"]
[Site "Internet Chess Club"]
[Date "2019.03.30"]
[Round "1"]
[White "MartyJR"]
[Black "BrianWood"]
[Result "0-1"]
[WhiteElo "1359"]
[BlackElo "1599"]
[Opening "QGD Slav: exchange variation"]
[ECO "D13"]
[Time "16:01:40"]
[TimeControl "2700+45"]

1. d4 c5 2. c3 cxd4 3. cxd4 d5 4. Nf3 Nf6 5. Nc3 Nc6 6. Bf4 e6 7. e3 Ne4 8. Bd3
g5 9. Bg3 Nxg3 10. hxg3 g4 11. Nd2 h5 12. Nb3 a6 13. a3 Bd6 14. Be2 f5 15. Qc2
Bd7 16. Bxg4 fxg4 17. Qg6+ Kf8 18. Rxh5 Rg8 19. Qh6+ Kf7 20. Qh7+ Rg7 21. Qd3
Ne7 22. Ne2 Qb6 23. Nd2 Qxb2 24. Rb1 Qxa3 25. Qxa3 Bxa3 26. Rxb7 Bc6 27. Rb6 Bd6
28. Nf4 a5 29. Rh6 Bxf4 30. gxf4 a4 31. Rb1 a3 32. Ra1 a2 33. g3 Nf5 34. Rh1 Kf6
35. Kd1 Rb7 36. Kc1 Ra3 37. Rh8 Rc3+ 38. Kd1 Ba4+ 39. Ke2 Rb2 40. Ke1 Rd3 41.
Ra8 Rdxd2 42. Rxa4 Re2+ 43. Kd1 Rxf2 44. Ke1 Rh2 {White resigns} 0-1

[Event "Team 45 45 League T80"]
[Site "Internet Chess Club"]
[Date "2019.03.29"]
[Round "1"]
[White "primerpaso"]
[Black "freakypawn"]
[Result "1-0"]
[WhiteElo "1860"]
[BlackElo "1779"]
[Opening "English opening"]
[ECO "D35"]
[Time "20:01:07"]
[TimeControl "2700+45"]

1. c4 e6 2. Nc3 d5 3. cxd5 exd5 4. d4 Nf6 5. Nf3 Be7 6. g3 O-O 7. Bg2 c6 8. O-O
Bf5 9. Bf4 Nbd7 10. h3 h6 11. Rc1 Nh5 12. Be3 Nhf6 13. Ne5 Bd6 14. Bf4 Qe7 15.
Nd3 Rfe8 16. Bxd6 Qxd6 17. e3 Ne4 18. Nxe4 Bxe4 19. Re1 Bxg2 20. Kxg2 Re7 21.
Nc5 Nxc5 22. Rxc5 Qg6 23. b4 a6 24. Qc2 Qxc2 25. Rxc2 Kf8 26. a4 Ke8 27. Rec1
Rc7 28. Rc5 Kd7 29. b5 axb5 30. axb5 Kd6 31. Rb1 b6 32. Rc2 Ra5 33. bxc6 Rxc6
34. Rcb2 Kc7 35. Kf3 Rf6+ 36. Ke2 Rc6 37. Kd2 Kb7 38. Rb5 Rxb5 39. Rxb5 Rd6 40.
Kd3 Ka6 41. Rb2 b5 42. e4 dxe4+ 43. Kxe4 Ka5 44. d5 b4 45. Ke5 Rd7 46. d6 Ka4
47. Kd5 Ka3 48. Rb1 b3 49. Kc6 Rxd6+ 50. Kxd6 b2 51. Ke7 f5 52. Kf7 g5 53. Kg6
f4 54. Kxh6 fxg3 55. fxg3 Ka2 56. Rxb2+ Kxb2 57. Kxg5 {Black resigns} 1-0

[Event "Team 45 45 League T80"]
[Site "Internet Chess Club"]
[Date "2019.03.30"]
[Round "1"]
[White "Packerfan"]
[Black "kabindra"]
[Result "0-1"]
[WhiteElo "1673"]
[BlackElo "1811"]
[Opening "Giuoco Piano"]
[ECO "C54"]
[Time "15:01:07"]
[TimeControl "2700+45"]

1. e4 e5 2. Nf3 Nc6 3. Bc4 Bc5 4. c3 Nf6 5. d3 h6 6. O-O O-O 7. Nbd2 d6 8. b4
Bb6 9. a4 a5 10. b5 Ne7 11. Bb3 Ng6 12. Nc4 Ba7 13. Ne3 Nf4 14. Bc2 Ng4 15. h3
Nxe3 16. Bxe3 Qf6 17. Qd2 Nxh3+ 18. Kh2 Nf4 19. Bxf4 exf4 20. Ng1 Qh4+ 21. Nh3
g5 22. f3 Be3 23. Qe2 Bxh3 24. gxh3 Qg3+ 25. Kh1 Qxh3+ 26. Qh2 Qxh2+ 27. Kxh2 b6
28. c4 Kg7 29. Kg2 Rh8 30. Rh1 h5 31. Rh3 g4 32. fxg4 hxg4 33. Rxh8 Rxh8 34. Rh1
Rxh1 35. Kxh1 Kg6 36. Kg2 Kg5 37. Bd1 Kh4 38. Kh2 f3 39. Kh1 Kg3 {White resigns}
0-1

[Event "Team 45 45 League T80"]
[Site "Internet Chess Club"]
[Date "2019.03.31"]
[Round "1"]
[White "Achelous11"]
[Black "sergerich191"]
[Result "0-1"]
[WhiteElo "1596"]
[BlackElo "1717"]
[Opening "Scandinavian (center counter) defense"]
[ECO "B01"]
[Time "16:30:59"]
[TimeControl "2700+45"]

1. e4 d5 2. exd5 Qxd5 3. Nc3 Qd8 4. d4 Nf6 5. Bc4 a6 6. Nf3 b5 7. Bb3 c5 8.
Bxf7+ Kxf7 9. Ne5+ Kg8 10. Qf3 Ra7 11. dxc5 b4 12. Ne4 Be6 13. O-O Nxe4 14. Qxe4
Qd5 15. Qe2 Rc7 16. Rd1 Qxc5 17. Ng6 Bc4 18. Qf3 hxg6 19. Rd8 Nd7 20. Be3 Qh5
21. Qg3 e5 22. h3 Kh7 23. Re1 Be7 24. Rxh8+ Kxh8 25. Bc1 Bc5 26. Bg5 Rc8 27. Re4
Qd1+ 28. Kh2 Be6 29. Be3 Bf5 30. Rh4+ Kg8 31. Bxc5 Rxc5 32. Rxb4 Qxc2 33. Qh4
Nf6 34. Rb8+ Rc8 35. Rb7 Qc4 36. Qg3 Qf4 {White resigns} 0-1

[Event "Team 45 45 League T80"]
[Site "Internet Chess Club"]
[Date "2019.03.31"]
[Round "1"]
[White "MacroPawn"]
[Black "julesraider"]
[Result "1-0"]
[WhiteElo "1683"]
[BlackElo "1614"]
[Opening "English opening"]
[ECO "A20"]
[Time "10:10:48"]
[TimeControl "2700+45"]

1. c4 e5 2. g3 f5 3. Nc3 Nf6 4. Bg2 Nc6 5. e4 Bb4 6. Nge2 O-O 7. O-O f4 8. d4
Bxc3 9. bxc3 Qe8 10. gxf4 exf4 11. Nxf4 d6 12. Nd5 Qg6 13. Nf4 Qf7 14. Qd3 Bd7
15. Rb1 Rab8 16. Nd5 Bg4 17. f3 Bc8 18. Bg5 Nh5 19. f4 h6 20. Bh4 Kh8 21. f5 Nf6
22. Nf4 Ne7 23. Kh1 c6 24. Bh3 Bd7 25. Rg1 b5 26. Ng6+ Nxg6 27. Rxg6 bxc4 28.
Qc2 c5 29. Rbg1 Bc6 30. Bxf6 gxf6 31. Rxh6+ Qh7 32. Rxh7+ Kxh7 33. d5 Be8 34.
Qf2 Bh5 35. Qh4 Kh6 36. Rg6+ {Black resigns} 1-0

[Event "Team 45 45 League T80"]
[Site "Internet Chess Club"]
[Date "2019.03.31"]
[Round "1"]
[White "Monterrey"]
[Black "jjmolina"]
[Result "1-0"]
[WhiteElo "1955"]
[BlackElo "1661"]
[Opening "King's Indian: Makagonov system (5.h3)"]
[ECO "E71"]
[Time "12:06:34"]
[TimeControl "2700+45"]

1. d4 Nf6 2. c4 g6 3. Nc3 Bg7 4. e4 d6 5. h3 O-O 6. Bg5 e5 7. dxe5 dxe5 8. Qxd8
Rxd8 9. Nd5 Rxd5 10. exd5 Nbd7 11. Nf3 Ne4 12. Bd8 Nec5 13. O-O-O e4 14. Nd4 Ne5
15. Bxc7 Ned3+ 16. Bxd3 Nxd3+ 17. Rxd3 exd3 18. Nf3 Bf5 19. Re1 h5 20. Be5 Bh6+
21. Kd1 Rc8 22. Bc3 Rxc4 23. Re8+ Bf8 24. Rb8 b6 25. Ne5 Rc8 26. Rb7 Be4 27.
Rxf7 Bxd5 28. Rxa7 Bxg2 29. Nxg6 Bxh3 30. Nxf8 Kxf8 31. Kd2 Bf1 32. Rh7 Re8 33.
Rxh5 Re2+ 34. Kd1 Rxf2 35. Rh8+ Kf7 36. Rb8 Rc2 37. Rb7+ Kf8 38. Rxb6 Bg2 39.
Rd6 Bf3+ 40. Ke1 Re2+ 41. Kf1 Be4 42. a4 Ke7 43. Rd4 Bg2+ 44. Kg1 Be4 45. a5
Rg2+ 46. Kf1 Rg4 47. Kf2 Rg2+ 48. Ke3 Re2+ 49. Kf4 Bh7 50. a6 Re6 51. Ra4 Rg6
{Black resigns} 1-0

[Event "Team 45 45 League T80"]
[Site "Internet Chess Club"]
[Date "2019.03.31"]
[Round "1"]
[White "LinceHispano44"]
[Black "laurenpar"]
[Result "0-1"]
[WhiteElo "1713"]
[BlackElo "1872"]
[Opening "Réti opening"]
[ECO "A13"]
[Time "05:00:29"]
[TimeControl "2700+45"]

1. Nf3 e6 2. c4 f5 3. g3 Nf6 4. Bg2 Be7 5. O-O O-O 6. b3 d6 7. d4 Ne4 8. Qd3 Nc6
9. Ba3 Qe8 10. Nc3 Nxc3 11. Qxc3 a5 12. Rac1 e5 13. dxe5 dxe5 14. Bxe7 Qxe7 15.
Rcd1 e4 16. Nd4 Nxd4 17. Rxd4 c5 18. Rd2 f4 19. Rd5 Bg4 20. Re5 Qf6 21. gxf4
Bxe2 22. Re1 Bf3 23. Bxf3 exf3 24. Qxf3 Rac8 25. Re7 Rce8 26. Rxe8 Qg6+ 27. Qg2
Rxe8 28. Rxe8+ Qxe8 29. Qd5+ Kh8 30. Qxb7 h6 31. Qd5 Qg6+ 32. Kf1 Qb1+ 33. Kg2
Qxa2 34. Qd8+ Kh7 35. Qd3+ Kh8 36. f5 Qa1 37. Kg3 Qe5+ 38. f4 Qe1+ 39. Kg4 Qg1+
40. Kh5 Qxh2+ 41. Kg6 Qg2+ 42. Kf7 Qb7+ 43. Ke6 Qb6+ 44. Kf7 Qf6+ 45. Ke8 h5 46.
Qh3 h4 47. Qg4 Kg8 48. Qh5 Qf8+ 49. Kd7 Qf7+ {White resigns} 0-1

[Event "Team 45 45 League T80"]
[Site "Internet Chess Club"]
[Date "2019.03.27"]
[Round "1"]
[White "warsaviensis"]
[Black "VictorRed"]
[Result "1-0"]
[WhiteElo "1846"]
[BlackElo "1701"]
[Opening "Queen's pawn game"]
[ECO "D05"]
[Time "16:13:35"]
[TimeControl "2700+45"]

1. d4 d5 2. Nf3 Nf6 3. e3 e6 4. Bd3 Nc6 5. O-O Bd6 6. a3 e5 7. dxe5 Nxe5 8. Nxe5
Bxe5 9. c4 c6 10. Qc2 O-O 11. Nd2 Be6 12. Nf3 Bd6 13. c5 Be7 14. b4 h6 15. Bb2
Nd7 16. Nd4 Bf6 17. f4 Bxd4 18. Bxd4 f5 19. Rf3 g6 20. g4 fxg4 21. Rg3 Bf5 22.
Bxf5 gxf5 23. Rxg4+ Kf7 24. Qxf5+ Ke8 25. Qh5+ Rf7 26. Rg8+ Nf8 27. Bg7 Qe7 28.
Rxf8+ Kd7 29. Rxf7 {Black resigns} 1-0

[Event "Team 45 45 League T80"]
[Site "Internet Chess Club"]
[Date "2019.03.30"]
[Round "1"]
[White "ARMAND02019"]
[Black "Otelo"]
[Result "0-1"]
[WhiteElo "1655"]
[BlackElo "1678"]
[Opening "King's Indian: 5.Nf3"]
[ECO "E90"]
[Time "21:10:01"]
[TimeControl "2700+45"]

1. d4 Nf6 2. c4 g6 3. Nc3 Bg7 4. e4 d6 5. Nf3 O-O 6. Bd3 Na6 7. O-O e5 8. d5 Nc5
9. Bb1 a5 10. Be3 b6 11. Na4 Nfxe4 12. Nxc5 Nxc5 13. Bxc5 bxc5 14. Bc2 Bg4 15.
h3 Bd7 16. Rb1 f5 17. b3 e4 18. Nh2 Qg5 19. Kh1 Be5 20. g3 Qh6 21. Kg2 f4 22.
Bxe4 Qxh3+ 23. Kg1 fxg3 {White resigns} 0-1

[Event "Team 45 45 League T80"]
[Site "Internet Chess Club"]
[Date "2019.03.30"]
[Round "1"]
[White "fishhead"]
[Black "limeinthecoke"]
[Result "0-1"]
[WhiteElo "1702"]
[BlackElo "1730"]
[Opening "Lengfellner system"]
[ECO "C01"]
[Time "14:00:33"]
[TimeControl "2700+45"]

1. e4 e6 2. d4 d6 3. Nf3 a6 4. Bd3 Nd7 5. O-O h6 6. Bf4 Ne7 7. Nbd2 g6 8. c3 Bg7
9. h3 b6 10. Qe2 Bb7 11. Rad1 O-O 12. e5 dxe5 13. dxe5 g5 14. Bh2 Ng6 15. Rfe1
Qe7 16. a4 Nc5 17. Bc2 a5 18. Qe3 Rad8 19. Nd4 Rd7 20. b4 axb4 21. cxb4 Rfd8 22.
Nc4 Nh4 23. f3 Na6 24. b5 Nb4 25. Be4 Bxe4 26. Qxe4 Qc5 27. Nd6 Nc2 28. Qxc2
cxd6 29. Kh1 Nf5 30. Qxc5 dxc5 31. Nxf5 Rxd1 {White resigns} 0-1

[Event "Team 45 45 League T80"]
[Site "Internet Chess Club"]
[Date "2019.03.31"]
[Round "1"]
[White "Ajolote"]
[Black "room-matt"]
[Result "1-0"]
[WhiteElo "1882"]
[BlackElo "1770"]
[Opening "Ruy Lopez: Bird's defense"]
[ECO "C61"]
[Time "14:01:33"]
[TimeControl "2700+45"]

1. e4 e5 2. Nf3 Nc6 3. Bb5 Nd4 4. Nxd4 exd4 5. O-O Bc5 6. Bc4 d6 7. d3 Ne7 8.
Qh5 O-O 9. Bg5 Be6 10. Qh4 Re8 11. Bxe6 fxe6 12. Qg4 Qd7 13. f4 Ng6 14. Nd2 Qf7
15. h4 d5 16. h5 Ne7 17. a3 dxe4 18. Nxe4 Bd6 19. Bxe7 Qxe7 20. Rae1 c5 21. Ng5
Qd7 22. Nxe6 Re7 23. f5 Rae8 24. Re2 Kh8 25. Ref2 a5 26. h6 gxh6 27. Qh3 Be5 28.
Qxh6 Qc6 29. Rf3 b6 30. Qh5 Bf6 31. g4 Rg8 32. Rg3 Qe8 33. Qxe8 Rexe8 34. g5 Be5
35. Rg2 Re7 36. Re1 Bd6 37. Re4 b5 38. Rgg4 b4 39. g6 bxa3 40. bxa3 Rge8 41. f6
{Black resigns} 1-0

[Event "Team 45 45 League T80"]
[Site "Internet Chess Club"]
[Date "2019.03.28"]
[Round "1"]
[White "bgolev"]
[Black "Beddathanme"]
[Result "1-0"]
[WhiteElo "1836"]
[BlackElo "1755"]
[Opening "Queen's Indian: old main line, 7.Nc3"]
[ECO "E18"]
[Time "21:03:11"]
[TimeControl "2700+45"]

1. d4 Nf6 2. Nf3 e6 3. g3 b6 4. Bg2 Bb7 5. O-O Be7 6. c4 O-O 7. Nc3 c5 8. d5 d6
9. e4 exd5 10. exd5 Nbd7 11. Re1 Re8 12. Qc2 Bf8 13. Bf4 a6 14. Rxe8 Qxe8 15.
Re1 Qd8 16. a4 g6 17. Qd2 Nh5 18. Bg5 Qc7 19. g4 Nhf6 20. Qf4 Bg7 21. Re7 Qb8
22. Bxf6 Nxf6 23. g5 Nh5 24. Qxf7+ Kh8 25. Rxb7 {Black resigns} 1-0

[Event "Team 45 45 League T80"]
[Site "Internet Chess Club"]
[Date "2019.03.30"]
[Round "1"]
[White "nealbruce"]
[Black "zap2"]
[Result "1-0"]
[WhiteElo "1748"]
[BlackElo "1590"]
[Opening "Philidor: Improved Hanham variation"]
[ECO "B07"]
[Time "09:12:29"]
[TimeControl "2700+45"]

1. e4 d6 2. d4 Nf6 3. Nc3 e5 4. Nf3 Nbd7 5. g3 g6 6. Bg2 Bg7 7. O-O O-O 8. b3
Re8 9. Re1 c6 10. Bb2 Qc7 11. a4 a5 12. d5 Nc5 13. Nd2 cxd5 14. exd5 Bd7 15. Nc4
Reb8 16. Qd2 h6 17. f4 exf4 18. Qxf4 Ne8 19. Re7 f5 20. Nb5 Qd8 21. Rxg7+ Nxg7
22. Qxh6 Qf8 23. Nbxd6 Ra6 24. Qxg6 b5 25. axb5 Bxb5 26. Qxg7+ Qxg7 27. Bxg7
Kxg7 28. Nxf5+ Kh8 29. Nfd6 a4 30. Nxb5 Rxb5 31. bxa4 Rb4 32. Ne5 Rbxa4 33. Rxa4
Rxa4 34. c4 Kg7 35. d6 Kf6 36. d7 Ra1+ 37. Kf2 Rd1 38. Bd5 Ke7 39. Ke2 Ra1 40.
Kf3 Nxd7 41. Nxd7 Kxd7 42. h4 Kd6 43. Kf4 Rf1+ 44. Kg5 Ke5 45. g4 Kd6 46. Kg6
Ke7 47. g5 Kf8 48. h5 Ra1 49. h6 Ra6+ 50. Kf5 Ra1 51. g6 Rf1+ 52. Ke5 Re1+ 53.
Kd6 Rg1 54. g7+ {Black resigns} 1-0

[Event "Team 45 45 League T80"]
[Site "Internet Chess Club"]
[Date "2019.03.29"]
[Round "1"]
[White "rubo"]
[Black "andrew37"]
[Result "0-1"]
[WhiteElo "1556"]
[BlackElo "1610"]
[Opening "Queen's pawn: London system"]
[ECO "A45"]
[Time "16:01:27"]
[TimeControl "2700+45"]

1. d4 Nf6 2. Bf4 d6 3. e3 Nbd7 4. Nf3 c6 5. c3 Qb6 6. Qb3 Nd5 7. Bg3 N7f6 8.
Nbd2 Bf5 9. h3 h6 10. Be2 g5 11. Nc4 Qc7 12. Ncd2 Bg7 13. c4 Nb6 14. c5 Nbd5 15.
Nc4 Ne4 16. Bh2 h5 17. cxd6 exd6 18. Nxg5 b5 19. Nxe4 bxc4 20. Bxc4 Bxe4 21. f3
Rb8 22. Qa3 Nb4 23. Bb3 Bg6 24. O-O O-O 25. Rac1 Qe7 26. Rc3 c5 27. Rd1 cxd4 28.
exd4 Bxd4+ 29. Kh1 Bxc3 30. bxc3 Nd3 31. Bg1 Qe2 32. Bd4 Ne1 33. Rxe1 Qxe1+ 34.
Kh2 h4 35. Qxd6 Qg3+ 36. Qxg3 hxg3+ 37. Kxg3 a5 38. Kf4 Rfe8 39. g4 Re2 40. h4
Bb1 41. Bc4 Rxa2 42. Bxa2 Bxa2 43. Be5 Rc8 44. Ke3 Re8 45. Kd4 a4 46. f4 Bb1 47.
Kc4 a3 48. Kb3 Ra8 49. c4 Be4 50. Ka2 Bf3 51. Bd6 Ra4 52. Bxa3 Rxc4 53. Bd6 Bxg4
54. Kb3 Be6 55. Kb2 f5 56. Be5 Kh7 57. Kb1 Kg6 58. Bd6 Kh5 59. Kb2 Kxh4 60. Be7+
Kg3 61. Bg5 Kf3 62. Kb1 Ke2 63. Kb2 Kd3 64. Bh6 Ra4 65. Bg5 Ra2+ 66. Kb1 Rf2 67.
Bh6 Kc3 68. Bg7+ Kb3 69. Kc1 Rxf4 70. Kd2 Re4 71. Bh6 Bc4 72. Be3 f4 73. Ba7
Re2+ 74. Kd1 f3 {White resigns} 0-1

[Event "Team 45 45 League T80"]
[Site "Internet Chess Club"]
[Date "2019.03.31"]
[Round "1"]
[White "MartyJR"]
[Black "nosir"]
[Result "0-1"]
[WhiteElo "1346"]
[BlackElo "1432"]
[Opening "Queen's Pawn"]
[ECO "A41"]
[Time "15:00:47"]
[TimeControl "2700+45"]

1. d4 d6 2. Bf4 Nf6 3. e3 Bf5 4. Nf3 Nbd7 5. Nbd2 c5 6. c3 Qc7 7. h3 h6 8. Be2
e5 9. dxe5 dxe5 10. Bh2 Ne4 11. Nxe4 Bxe4 12. Bb5 f6 13. Bd3 Qc6 14. Bxe4 Qxe4
15. Qb3 Qc6 16. Qc2 Qe6 17. Qg6+ Qf7 18. Qe4 O-O-O 19. O-O-O Qxa2 20. Qb1 Qxb1+
21. Kxb1 Be7 22. Nh4 Nf8 23. Nf5 Rxd1+ 24. Rxd1 Bd8 25. Nd6+ Kd7 26. Nf7+ Ke7
27. Nxh8 Bb6 28. c4 Ke6 29. f4 e4 30. g4 g6 31. f5+ gxf5 32. gxf5+ Kxf5 33. Rf1+
Ke6 34. Bf4 h5 35. Bh6 Nd7 36. Ng6 Kf7 37. Nh4 Ne5 38. Bf4 Nxc4 39. Nf5 Nd2+ 40.
Kc2 Nxf1 41. Nd6+ Ke6 42. Nxb7 c4 43. Nd6 Nxe3+ 44. Bxe3 Kxd6 45. Bxb6 axb6 46.
Kc3 Kd5 {White resigns} 0-1

[Event "Team 45 45 League T80"]
[Site "Internet Chess Club"]
[Date "2019.03.31"]
[Round "1"]
[White "g8wrb"]
[Black "Andaluz"]
[Result "1-0"]
[WhiteElo "1433"]
[BlackElo "1239"]
[Opening "Sicilian: Alapin's variation (2.c3)"]
[ECO "B22"]
[Time "15:00:46"]
[TimeControl "2700+45"]

1. e4 c5 2. c3 d6 3. d4 cxd4 4. cxd4 a6 5. Bc4 Nc6 6. Nf3 e6 7. O-O Nf6 8. Re1
d5 9. exd5 Nxd5 10. Nc3 Nxc3 11. bxc3 Be7 12. Bf4 O-O 13. Rb1 b5 14. Bd3 g6 15.
Qd2 Bf6 16. Ng5 Re8 17. Qe3 Bb7 18. Ne4 Be7 19. Qg3 Na5 20. Bc7 Qd7 21. Bxa5
Bxe4 22. Bxe4 Rac8 23. Qf3 f5 24. Bc2 Rc4 25. Bb3 Rc6 26. h3 Qc8 27. Re3 Bg5 28.
Rd3 Kg7 29. a4 h6 30. axb5 axb5 31. Bb4 Be7 32. Bxe7 Rxe7 33. Qe3 Qb8 34. Qe5+
Qxe5 35. dxe5 g5 36. g3 Rc5 37. f4 Kf7 38. Kf2 Rec7 39. Rc1 {Black forfeits on
time} 1-0

[Event "Team 45 45 League T80"]
[Site "Internet Chess Club"]
[Date "2019.03.30"]
[Round "1"]
[White "QuieroAprender"]
[Black "kabindra"]
[Result "1-0"]
[WhiteElo "1663"]
[BlackElo "1788"]
[Opening "Giuoco Piano"]
[ECO "C54"]
[Time "19:34:14"]
[TimeControl "2700+45"]

1. e4 e5 2. Nf3 Nc6 3. Bc4 Bc5 4. c3 Nf6 5. d4 exd4 6. cxd4 Bb4+ 7. Nc3 Nxe4 8.
O-O Bxc3 9. bxc3 d5 10. Bd3 f5 11. Ba3 Nd6 12. Re1+ Ne7 13. Qe2 Ne4 14. c4 c6
15. cxd5 cxd5 16. Bb5+ Bd7 17. Ne5 Bxb5 18. Qxb5+ Nc6 19. Qxb7 Nxe5 20. dxe5 Rb8
21. Qxg7 {Black resigns} 1-0

[Event "Team 45 45 League T80"]
[Site "Internet Chess Club"]
[Date "2019.03.30"]
[Round "1"]
[White "julesraider"]
[Black "justice02"]
[Result "1-0"]
[WhiteElo "1628"]
[BlackElo "1602"]
[Opening "Queen's pawn, Mason variation"]
[ECO "D00"]
[Time "10:00:54"]
[TimeControl "2700+45"]

1. d4 d5 2. Bf4 c6 3. e3 a6 4. Nf3 Nf6 5. c3 Bf5 6. Nbd2 Nh5 7. Bg5 h6 8. Bh4 g5
9. Bg3 Nxg3 10. hxg3 Bg7 11. Qb3 Qc8 12. a4 Nd7 13. c4 Be6 14. c5 Bf5 15. Qc3
O-O 16. Be2 Qc7 17. b4 e5 18. Nb3 e4 19. Nh2 Nf6 20. Kd2 Rfe8 21. b5 axb5 22.
axb5 cxb5 23. Bxb5 Bd7 24. Qb4 Bf8 25. Bxd7 Qxd7 26. Na5 Reb8 27. Nb3 b6 28.
Rxa8 Rxa8 29. Qxb6 Ra2+ 30. Kc3 Qa4 31. Qb4 Rc2+ 32. Kxc2 Qxb4 33. Nd2 Qa4+ 34.
Kb2 Qb5+ 35. Kc2 Qd3+ 36. Kd1 Be7 37. Re1 Bd8 38. Re2 Ba5 39. Nf1 Ne8 40. f3 Nc7
41. Ke1 f5 42. Kf2 Kf7 43. fxe4 fxe4 44. Ke1 Kg6 45. g4 Nb5 46. c6 Qc2 47. Kf2
Qxc6 48. Nb3 Bc7 49. Nc5 Qe8 50. Ra2 Qc8 51. Ra6+ Nd6 52. Rc6 Kg7 53. Rxc7+ Qxc7
54. Ne6+ {Black resigns} 1-0

[Event "Team 45 45 League T80"]
[Site "Internet Chess Club"]
[Date "2019.03.31"]
[Round "1"]
[White "mongmong"]
[Black "Hectormercado"]
[Result "1/2-1/2"]
[WhiteElo "1479"]
[BlackElo "1409"]
[Opening "Queen's pawn game"]
[ECO "D05"]
[Time "09:00:33"]
[TimeControl "2700+45"]

1. d4 d5 2. Nf3 e6 3. e3 Nf6 4. Bd3 Be7 5. O-O O-O 6. Nbd2 c5 7. b3 Nbd7 8. Bb2
b6 9. Ne5 Bb7 10. f4 Rc8 11. Qe2 cxd4 12. Bxd4 Bc5 13. Nxd7 Nxd7 14. c4 Bxd4 15.
exd4 Nf6 16. Nf3 dxc4 17. Bxc4 Bxf3 18. Qxf3 Qxd4+ 19. Kh1 Rfd8 20. Rad1 Qb2 21.
Rxd8+ Rxd8 22. Rd1 Rxd1+ 23. Qxd1 g6 24. a4 Ne4 25. Qd8+ Kg7 26. h3 Qc1+ 27. Kh2
Qxf4+ 28. Kg1 Qf2+ 29. Kh2 Qg3+ 30. Kg1 Qe1+ 31. Kh2 Qd2 32. Qc7 Qd6+ 33. Qxd6
Nxd6 34. Be2 Ne4 35. g4 Nd2 36. b4 a5 37. bxa5 bxa5 38. Kg2 Nb1 39. Bb5 Nc3 40.
Bc6 Kf6 41. Kf3 e5 42. h4 Ke7 43. Ke3 f5 44. gxf5 gxf5 45. Kd3 Kd6 46. Be8 Nd5
47. Kc4 Nc7 48. Bf7 f4 49. Bg8 h6 50. Bh7 Nd5 51. Kb5 Nc3+ 52. Kxa5 Nxa4 53.
Kxa4 f3 54. Kb4 f2 55. Bd3 e4 56. Be2 Ke5 57. Kc3 Kf4 58. Kd2 h5 59. Bf1 e3+ 60.
Ke2 Ke4 61. Bg2+ Kf4 62. Bf1 Ke4 63. Bg2+ Kf4 64. Bf1 Ke4 65. Bg2+ Kf4 {Game
drawn by repetition} 1/2-1/2